 Dungeon Crawl Stone Soup version 0.30-a0-996-ga6910c8ee8 (webtiles) character file.

Game seed: 13018742184004766921

652 qeuew the Covered (level 7, -1/55 HPs)
             Began as a Formicid Fighter on Apr 4, 2023.
             Slain by a wight
             ... wielding a +3 great sword
              (10 damage)
             ... on level 7 of the Dungeon.
             The game lasted 00:03:38 (2910 turns).

qeuew the Covered (Formicid Fighter)                Turns: 2910, Time: 00:03:39

Health: -1/55      AC:  8    Str: 22    XL:     7   Next: 84%
Magic:  7/7        EV:  9    Int:  8    God:
Gold:   171        SH:  5    Dex: 13    Spells: 6/6 levels left

rFire   . . .      SeeInvis +    o - +0 halberd
rCold   . . .      Faith    .    c - +0 buckler
rNeg    . . .      Spirit   .    b - +1 scale mail
rPois   .          Reflect  .    (helmet unavailable)
rElec   .          Rampage  .    (no cloak)
rCorr   .                        (no gloves)
Will    .....                    (no boots) Stlth
                                 (no amulet)
HPRegen 0.29/turn                (no ring)
MPRegen 0.10/turn                (no ring)

@: no status effects
A: permanent stasis, dig shafts and tunnels, antennae 3, four strong arms
a: Dig, Shaft Self


You were on level 7 of the Dungeon.
You visited 1 branch of the dungeon, and saw 5 of its levels.

You collected 171 gold pieces.

Inventory:

Hand Weapons
 o - a +0 halberd (weapon)
Armour
 b - a +1 scale mail (worn)
 c - a +0 buckler (worn)
Wands
 j - a wand of roots (7)
Scrolls
 e - 2 scrolls of teleportation {unknown}
 h - a scroll of magic mapping
 i - a scroll of amnesia {unknown}
 k - a scroll of identify
 l - a scroll of silence {unknown}
 m - a scroll of enchant armour
 n - a scroll of vulnerability {unknown}
Potions
 f - a potion of cancellation


   Skills:
 + Level 4.6 Fighting
 * Level 4.6 Polearms
 * Level 5.7 Armour
 + Level 5.7 Shields
 + Level 2.5 Evocations


You had 6 spell levels left.
You didn't know any spells.
Your spell library contained the following spells:

 Spells                   Type           Power      Damage    Failure   Level
 Inner Flame              Hex/Fire       0%         N/A       98%         3
 Flame Wave               Conj/Fire      0%         2d4       100%        4
 Sticky Flame             Conj/Fire      0%         2d3       100%        4


Dungeon Overview and Level Annotations

Branches:
Dungeon (7/15)
 Temple: D:4-7

Altars:
Kikubaaqudgha

Shops:
D:4 [   D:7 *

Annotations:
D:3 1 runed translucent door, Crazy Yiuf


Innate Abilities, Weirdness & Mutations

You cannot be hasted, slowed, berserked, paralysed or teleported.
You can dig through walls and to a lower floor.
You have a pair of large antennae on your head. (SInv)
Your four strong arms can wield two-handed weapons with a shield.


Message History

You destroy the wight!
You feel a little less mighty now.
You sense a monster nearby.
HP restored.
Items here: )))) [[[[.
Found a quarterstaff.
Menkaure, Prince of Dust comes into view.
Menkaure shouts!
Found a stone staircase leading up.
A wight comes into view. It is wielding a +3 great sword.
The wight hits you with a +3 great sword!
You feel drained.
The wight hits you with a +3 great sword.
You feel drained.
You slash Menkaure!
Menkaure is moderately damaged.
The wight closely misses you. Menkaure misses you.
You hit Menkaure.
Menkaure is severely damaged.
The wight barely misses you. Menkaure barely misses you.
The wight hits you with a +3 great sword!
You hit Menkaure.
Menkaure is severely damaged.
Menkaure barely misses you. The wight barely misses you.
You hit Menkaure but do no damage.
Menkaure is severely damaged.
Menkaure hits you but does no damage. You block the wight's attack.
You slash Menkaure!
You destroy Menkaure!
The wight barely misses you.
The wight hits you with a +3 great sword!
Your life force feels restored.
The wight attacks as you move away! You block the wight's attack.
The wight attacks as you move away!
The wight hits you with a +3 great sword!
* * * LOW HITPOINT WARNING * * *
You see here a +0 quarterstaff.
The wight attacks as you move away!
The wight hits you with a +3 great sword!
You die...

{ # . ######.#
#......# #@# # #z#
. #.# #
###.####### #..
#.....<.... # .#
#.#.#######
####... #.#.#
###...... # #.#
#........
#.########..)..#.#


You could see a wight.

Vanquished Creatures
  Menkaure (D:7)
  2 ice beasts
  4 wights (D:7)
  A howler monkey (D:4)
  A hound (D:4)
  2 worms
  4 dart slugs
  4 orcs
  4 ball pythons
  6 endoplasms
  A giant cockroach (D:3)
  6 hobgoblins
  7 jackals (D:3)
  6 kobolds
  A quokka (D:3)
  4 bats
  3 frilled lizards
  7 goblins
  A rat (D:3)
65 creatures vanquished.

Notes
Turn   | Place    | Note
-------+----------+-------------------------------------------
     0 | D:1      | qeuew the Formicid Fighter began the quest for the Orb.
     0 | D:1      | Reached XP level 1. HP: 18/18 MP: 1/1
    70 | D:1      | Reached XP level 2. HP: 21/24 MP: 2/2
   653 | D:2      | Reached XP level 3. HP: 29/29 MP: 3/3
  1373 | D:3      | Reached XP level 4. HP: 36/36 MP: 4/4
  1771 | D:3      | Found an ancient bone altar of Kikubaaqudgha.
  1776 | D:3      | Noticed an ice beast
  1790 | D:3      | Killed an ice beast
  1791 | D:3      | Reached skill level 1 in Evocations
  1791 | D:3      | Reached XP level 5. HP: 36/42 MP: 5/5
  1931 | D:3      | Found a runed translucent door.
  1932 | D:3      | Noticed Crazy Yiuf
  2212 | D:4      | Reached XP level 6. HP: 43/48 MP: 6/6
  2290 | D:4      | Found Tecrysux's Armour Shop.
  2351 | D:4      | Reached skill level 5 in Shields
  2496 | D:4      | You fall into a shaft and drop 3 floors!
  2638 | D:7      | Noticed an ice beast
  2645 | D:7      | Killed an ice beast
  2646 | D:7      | Reached skill level 5 in Armour
  2646 | D:7      | Found Aqallas's General Store.
  2691 | D:7      | Reached XP level 7. HP: 39/54 MP: 7/7
  2709 | D:7      | HP: 1/52 [wight/+0 flail (2)]
  2898 | D:7      | Noticed Menkaure
  2906 | D:7      | Killed Menkaure
  2910 | D:7      | Slain by a wight

Illustrated notes

Levels and vault maps discovered:
D:1:      reono_arrival_forest_river, layout_loops_ring
D:2:      layout_basic, minmay_goblin_kobold_house
D:3:      layout_loops_ring, nicolae_kikubaaqudgha_miasma_corner, serial_rivers,
          chequers_serial_rivers_small_3, chequers_serial_rivers_micro_a,
          chequers_serial_rivers_marsh, chequers_serial_rivers_room_b,
          chequers_serial_rivers_micro_c, serial_park_tiny_pond,
          uniq_crazy_yiuf_cottage
D:4:      layout_basic, minmay_temple_entry_glassed_door, serial_shops,
          nicolae_stop_n_shop_1, serial_park_tiny_pond,
          nicolae_concentric_dashed_squares_mild, st_stairs_6
D:7:      layout_loops_ring, nicolae_hepliaklqana_monster_ancestors,
          serial_shops, nicolae_diamond_shop, uniq_menkaure, uniq_maggie

Skill      XL: |  1  2  3  4  5  6 |
---------------+-------------------+-----
Armour         | 4 5 |  5.7
Polearms       | 3 4 |  4.6
Evocations     | 1 2 |  2.5
Fighting       | 4 |  4.6
Shields        | 5 |  5.7

Action                     |  1- 3 |  4- 6 |  7- 9 || total
---------------------------+-------+-------+-------++-------
  Melee: Trident           |    84 |    64 |       ||   148
         Halberd           |       |    67 |    24 ||    91
Ability: Shaft Self        |       |     1 |       ||     1
    Use: Potion            |     7 |     2 |     1 ||    10
         Scroll            |     7 |       |       ||     7
 Armour: Scale mail        |    52 |    78 |    10 ||   140
  Dodge: Dodged            |    49 |    75 |    11 ||   135
  Block: Buckler           |    18 |    36 |     4 ||    58

Table legend: (Time is in decaauts)
 A = Elapsed time spent in this place.
 B = Non-inter-level travel time spent in this place.
 C = Inter-level travel time spent in this place.
 D = Time resting spent in this place.
 E = Time spent auto-exploring this place.
 F = Levels seen in this place.
 G = Mean time per level.
                   A        B        C        D        E       F      G
               +--------+--------+--------+--------+--------+-----+--------+
         Total |   3065 |   2985 |     80 |     25 |   2338 |   5 |  613.0 |
       Dungeon |   3065 |   2985 |     80 |     25 |   2338 |   5 |  613.0 |
               +--------+--------+--------+--------+--------+-----+--------+

Top non-repeatable levels by time:
     D:3: 946 daAuts
     D:2: 825 daAuts
     D:1: 529 daAuts
     D:7: 425 daAuts
     D:4: 338 daAuts
